 Dungeon Crawl Stone Soup version 0.29.1-2-gbd0b4ee654 (webtiles) character file.

Game seed: 14405224209319263173

2335 RKaid the Skirmisher (level 9, 0/53 HPs)
             Began as a Deep Elf Hunter on Oct 30, 2022.
             Slain by a killer bee (3 damage)
             ... on level 7 of the Dungeon.
             The game lasted 00:28:01 (8442 turns).

RKaid the Skirmisher (Deep Elf Hunter)              Turns: 8442, Time: 00:28:01

Health: 0/53       AC:  6    Str:  8    XL:     9   Next: 19%
Magic:  11/11      EV: 14    Int: 21    God:
Gold:   254        SH:  0    Dex: 22    Spells: 8/8 levels left

rFire   . . .      SeeInvis .   a - +0 shortbow (vorpal)
rCold   . . .      Faith    .   (shield currently unavailable)
rNeg    . . .      Spirit   .   c - +0 leather armour
rPois   .          Reflect  .   (no helmet)
rElec   .          Harm     .   y - +1 cloak
rCorr   .          Rampage  .   p - +0 pair of gloves
Will    .....                   (no boots)
Stlth   ++........              (no amulet)
HPRegen 0.17/turn               C - +6 ring of intelligence
MPRegen 0.12/turn               (no ring)

@: lethally poisoned (0 -> -2)
A: no striking features
a: no special abilities


You were on level 7 of the Dungeon.
You visited 2 branches of the dungeon, and saw 8 of its levels.
You also visited: Sewer and Ossuary.

You collected 254 gold pieces.

Inventory:

Hand Weapons
 a - a +0 vorpal shortbow (weapon)
 b - a +2 short sword of draining
Missiles
 k - 5 throwing nets
Armour
 c - a +0 leather armour (worn)
 p - a +0 pair of gloves (worn)
 y - a +1 cloak (worn)
Jewellery
 f - an amulet of faith
 i - an amulet of magic regeneration
 C - a +6 ring of intelligence (left hand)
Scrolls
 e - a scroll of brand weapon
 h - 2 scrolls of immolation
 o - a scroll of enchant armour
 q - 2 scrolls of fog
 r - a scroll of enchant weapon {unknown}
 s - a scroll of amnesia {unknown}
 t - 4 scrolls of blinking
 u - a scroll of noise
 w - a scroll of teleportation
 x - a scroll of acquirement {unknown}
 F - a scroll of magic mapping
Potions
 g - a potion of haste
 j - a potion of magic {unknown}
 l - a potion of cancellation {unknown}
 m - a potion of heal wounds
 n - 3 potions of attraction
 v - a potion of berserk rage {unknown}
 z - 2 potions of resistance
 A - 3 potions of lignification
 B - 4 potions of flight
 D - 3 potions of ambrosia
 G - a potion of invisibility


   Skills:
 + Level 4.9 Fighting
 + Level 14.0 Ranged Weapons
 - Level 1.0 Armour
 + Level 5.0 Dodging
 - Level 1.2 Stealth


You had 8 spell levels left.
You didn't know any spells.
Your spell library contained the following spells:

 Spells                   Type           Power      Damage    Failure   Level
 Sting                    Tmut/Pois      0%         1d3       26%         1
 Summon Small Mammal      Summ           0%         N/A       26%         1
 Call Imp                 Summ           0%         N/A       36%         2
 Poisonous Vapours        Pois/Air       0%         N/A       36%         2
 Call Canine Familiar     Summ           0%         N/A       58%         3
 Inner Flame              Hex/Fire       0%         N/A       58%         3
 Summon Guardian Golem    Hex/Summ       0%         N/A       58%         3
 Cause Fear               Hex            0%         N/A       94%         4
 Summon Ice Beast         Ice/Summ       0%         N/A       94%         4
 Summon Forest            Summ/Tloc      0%         N/A       100%        5
 Discord                  Hex            0%         N/A       100%        8


Dungeon Overview and Level Annotations

Branches:
Dungeon (7/15)             Temple (1/1) D:5           Sewer (visited)
Ossuary (visited)

Altars:
Dithmenos
Elyvilon
Fedhas
Kikubaaqudgha
Makhleb
Okawaru
Ru
Sif Muna
Uskayaw
Vehumet
Yredelemnul
Zin
The Shining One

Shops:
D:4 *

Annotations:
D:6 exclusion: oklob plant, Edmund


Message History

You shoot an arrow.
The arrow closely misses the killer bee.
The killer bee barely misses you. The killer bee misses you.
The killer bee stings you.
You are poisoned.
The killer bee poisons you! The killer bee stings you!
The killer bee barely misses you.
The killer bee attacks as you move away!
The killer bee barely misses you.
You feel sick.
The killer bee attacks as you move away!
The killer bee closely misses you.
You feel sick. The killer bee closely misses you. x2
You feel sick. The killer bee stings you.
You are more poisoned.
The killer bee poisons you! The killer bee stings you.
You feel sick.
The killer bee stings you but does no damage.
The killer bee misses you.
The killer bee attacks as you move away!
The killer bee completely misses you.
You feel sick.
The killer bee attacks as you move away!
The killer bee barely misses you.
You feel sick.
The killer bee attacks as you move away!
The killer bee misses you.
A wyvern comes into view.
You feel sick. The killer bee misses you. The killer bee stings you!
* * * LOW HITPOINT WARNING * * *
The killer bee attacks as you move away!
The killer bee misses you.
* * * LOW HITPOINT WARNING * * *
You feel sick.
The killer bee attacks as you move away!
The killer bee closely misses you.
* * * LOW HITPOINT WARNING * * *
You feel sick.
* * * LOW HITPOINT WARNING * * *
You feel sick.
The wyvern hisses angrily.
The killer bee stings you.
You die...

..# #.. #.# #.# . #.#
....#####.#
#........<#
#......##.#
##......##@###
.........y...### .
#.......##y#.#.####..
#........yy#.........
##...y.........#...
.#....y####....###
#........y....l...#
#...>....yy.....### ##
.........#####...#..=#


You could see a wyvern and 4 killer bees.

Vanquished Creatures
  A hornet (D:5)
  2 ice beasts (D:5)
  A sky beast (D:7)
  2 black bears
  An ogre (D:5)
  A kobold brigand (D:5)
  4 scorpions
  5 wights (D:6)
  A water moccasin skeleton (D:6)
  2 bullfrog zombies (D:6)
  2 centaur zombies (D:6)
  A centaur skeleton (D:6)
  3 hounds
  An orc priest (D:6)
  A jelly (D:5)
  5 iguanas
  3 orc wizards
  A killer bee zombie (D:6)
  12 mummies (Ossuary)
  9 adders
  5 river rats (Sewer)
  2 white imps (D:5)
  4 ufetubi
  4 dart slugs
  3 worms
  7 orcs
  7 ball pythons
  10 endoplasms
  3 giant cockroaches
  8 goblins
  11 hobgoblins
  4 jackals
  11 quokkas
  14 bats
  2 goblin skeletons (Ossuary)
  14 kobolds
  3 kobold skeletons (Ossuary)
  3 orc skeletons (Ossuary)
  6 rats
  11 rat skeletons (Ossuary)
190 creatures vanquished.

Vanquished Creatures (others)
  A plant (D:5)
  2 withered plants (D:6)
3 creatures vanquished.

Grand Total: 193 creatures vanquished

Notes
Turn   | Place    | Note
-------+----------+-------------------------------------------
     0 | D:1      | RKaid the Deep Elf Hunter began the quest for the Orb.
     0 | D:1      | Reached XP level 1. HP: 12/12 MP: 3/3
    92 | D:1      | Reached XP level 2. HP: 16/16 MP: 4/4
   124 | D:1      | Reached skill level 6 in Ranged Weapons
   389 | D:1      | Reached XP level 3. HP: 15/21 MP: 5/5
  1173 | D:2      | You fall into a shaft and drop 1 floor!
  1416 | D:2      | Found a blossoming altar of Fedhas.
  1420 | D:2      | Noticed a black bear
  1424 | D:2      | Killed a black bear
  1425 | D:2      | Reached skill level 7 in Ranged Weapons
  1425 | D:2      | Reached XP level 4. HP: 26/26 MP: 6/6
  1425 | D:2      | Reached XP level 5. HP: 30/30 MP: 7/7
  1761 | D:3      | Found a faded altar of an unknown god.
  1788 | D:3      | Reached skill level 8 in Ranged Weapons
  1953 | D:3      | Reached skill level 1 in Armour
  2387 | D:4      | Found Guacenuo's General Store.
  2855 | D:4      | Reached XP level 6. HP: 36/36 MP: 8/8
  3354 | D:5      | Entered Level 5 of the Dungeon
  3396 | D:5      | Found a staircase to the Ecumenical Temple.
  3406 | Temple   | Entered the Ecumenical Temple
  3542 | D:5      | Reached skill level 9 in Ranged Weapons
  3571 | D:5      | Found a glowing drain.
  3588 | Sewer    | Entered a sewer
  3796 | Sewer    | HP: 1/36 [river rat (8)]
  4566 | D:5      | Reached XP level 7. HP: 39/41 MP: 9/9
  4638 | D:5      | Reached skill level 10 in Ranged Weapons
  4820 | D:5      | Reached skill level 11 in Ranged Weapons
  4854 | D:5      | Noticed a hornet
  4864 | D:5      | Killed a hornet
  4865 | D:5      | Reached XP level 8. HP: 40/48 MP: 10/10
  5170 | D:5      | Got the Dissertation on the Retinue and Contamination
  5223 | D:5      | Reached skill level 12 in Ranged Weapons
  5839 | D:6      | Noticed Edmund
  5976 | D:6      | Found a sand-covered staircase.
  5981 | Ossuary  | Entered an ossuary
  6367 | Ossuary  | Reached skill level 13 in Ranged Weapons
  7325 | D:6      | Found a shimmering blue altar of Sif Muna.
  7348 | D:6      | Reached XP level 9. HP: 14/52 MP: 11/11
  7950 | D:6      | Reached skill level 14 in Ranged Weapons
  7974 | D:6      | Found a blossoming altar of Fedhas.
  7999 | D:6      | Noticed an oklob plant
  8216 | D:7      | Reached skill level 5 in Dodging
  8442 | D:7      | Slain by a killer bee

Illustrated notes

Levels and vault maps discovered:
D:1:      dpeg_arrival_subterranean_lakeside_camping, layout_basic
D:2:      layout_basic, basic_altar
D:3:      layout_loops_ring, ebering_ecumenical_altar_rust
D:4:      layout_basic, serial_shops, nicolae_shop_waterfront
D:5:      layout_basic, minmay_temple_entry_sparse_star, serial_bayou,
          serial_bayou_pond_e, serial_bayou_shore_a, serial_bayou_crossing,
          serial_bayou_pond_e, portal_sewer_entry_f, minmay_stone_trees_large,
          hangedman_decor_diamond_cutter, moated_statue
D:6:      layout_loops_ring, lemuel_crystal_altar, tgw_fedhas, serial_undead,
          serial_undead_a, serial_undead_c, serial_undead_b, serial_undead_d,
          enter_ossuary_5, uniq_edmund
D:7:      layout_loops_ring, evilmike_ruin_ashenzari, minmay_between
Temple:   chequers_temple_sunken

Skill      XL: |  1  2  3  4  5  6  7  8  9 |
---------------+----------------------------+-----
Ranged Weapons | 6 7 8 9 11 13 14 | 14.0
Fighting       | 2 3 4 |  4.9
Armour         | 1 |  1.0
Dodging        | 3 4 5 |  5.0
Stealth        | |  1.2

Action                   |  1- 3 |  4- 6 |  7- 9 || total
-------------------------+-------+-------+-------++-------
 Fire: Shortbow          |    96 |   212 |   360 ||   668
Throw: Throwing net      |       |       |     1 ||     1
  Use: Scroll            |       |     2 |    13 ||    15
       Potion            |       |     7 |     6 ||    13
Armor: Leather armour    |     6 |    27 |    35 ||    68
       Skin              |       |       |    43 ||    43
Dodge: Dodged            |    21 |    56 |   102 ||   179
